 Dungeon Crawl Stone Soup version 0.24.0-1-gfbc8707122 (webtiles) character file.

Game seed: 10676045392705701043, levelgen mode: deterministic

819 Mrkan the Skirmisher (level 7, 0/64 HPs)
             Began as a Black Draconian Fighter on Oct 25, 2019.
             Was an Initiate of Gozag.
             Slain by a wyvern zombie (7 damage)
             ... in an ossuary.
             The game lasted 00:08:12 (3309 turns).

Mrkan the Skirmisher (Black Draconian Fighter)      Turns: 3309, Time: 00:08:12

Health: 0/64       AC:  6    Str: 18    XL:     7   Next: 63%
Magic:  7/7        EV: 11    Int: 10    God:    Gozag
Gold:   618        SH: 10    Dex: 11    Spells: 6/6 levels left

rFire    . . .     SeeInvis .   a - +0 long sword
rCold    . . .     Gourm    .   b - +0 shield
rNeg     . . .     Faith    .   (armour unavailable)
rPois    .         Spirit   .   (helmet restricted)
rElec    +         Reflect  .   (no cloak)
rCorr    .         Harm     .   (no gloves)
MR       .....                  (no boots)
Stlth    +.........             (no amulet)
HPRegen  0.20/turn              (no ring)
MPRegen  0.10/turn              (no ring)

@: gold aura
A: breathe lightning, unfitting armour, electricity resistance, cold-blooded, AC
+6
a: Breathe Lightning, Potion Petition, Call Merchant, Bribe Branch, Renounce
Religion


You were in an ossuary.
You worshipped Gozag.
Gozag was pleased with you.
You were not hungry.

You visited 1 branch of the dungeon, and saw 5 of its levels.
You also visited: Ossuary.

You collected 674 gold pieces.
You paid 56 gold pieces to Gozag.

Inventory:

Hand Weapons
 a - a +0 long sword (weapon)
 k - a +2 spear of piercing
Missiles
 r - 5 silver boomerangs (quivered)
Armour
 b - a +0 shield (worn)
Jewellery
 m - a cursed ring of teleportation {unknown}
 p - a +4 ring of dexterity {unknown}
 s - a +5 ring of strength {unknown}
 t - an uncursed amulet of the gourmand {unknown}
 w - a +4 ring of evasion {unknown}
Wands
 z - a wand of random effects (18)
 A - a wand of flame (17)
Scrolls
 e - 2 scrolls of teleportation {unknown}
 f - 6 scrolls of identify {unknown}
 i - a scroll of fear {unknown}
 l - a scroll of magic mapping {unknown}
 o - a scroll of blinking {unknown}
 x - 2 scrolls of remove curse {unknown}
 y - a scroll of enchant weapon {unknown}
 E - a scroll of amnesia {unknown}
Potions
 c - a potion of might
 g - a potion of heal wounds {unknown}
 h - a potion of curing
 j - a potion of berserk rage {unknown}
 n - 2 potions of cancellation
 q - 2 potions of flight
 u - a potion of haste {unknown}
 v - a potion of degeneration {unknown}
 B - a potion of mutation {unknown}
 C - a potion of brilliance {unknown}
 D - a potion of resistance {unknown}
Comestibles
 d - 13 rations


   Skills:
 + Level 6.3 Fighting
 + Level 5.3 Long Blades
 - Level 2.6 Dodging
 + Level 5.8 Shields


You had 6 spell levels left.
You didn't know any spells.
Your spell library was empty.

Dungeon Overview and Level Annotations

Branches:
Dungeon (5/15)            Ossuary (1/1)
 Temple: D:4-7

Altars:
Fedhas
Gozag
Qazlal


Innate Abilities, Weirdness & Mutations

You can breathe wild blasts of lightning.
Your glossy black scales are hard. (AC +6)
You cannot fit into any form of body armour.
You are resistant to electric shocks. (rElec)
You are cold-blooded and may be slowed by cold attacks.


Message History

The howler monkey zombie is heavily damaged.
The howler monkey zombie hits you but does no damage.
The howler monkey zombie completely misses you.
You riposte.
You slash the howler monkey zombie!
The howler monkey zombie is almost destroyed.
You slash the howler monkey zombie!
You destroy the howler monkey zombie!
The wyvern zombie bites you.
* * * LOW HITPOINT WARNING * * *
You slash the wyvern zombie!
The wyvern zombie is lightly damaged.
The wyvern zombie closely misses you.
You barely miss the wyvern zombie.
The wyvern zombie is lightly damaged.
The wyvern zombie barely misses you. You block the wyvern zombie's attack.
You hit the wyvern zombie.
The wyvern zombie is moderately damaged.
You block the wyvern zombie's attack. The wyvern zombie bites you!
You die...
Your body crumbles into a pile of gold.

#≈≈≈≈# ≈#≈#≈
≈≈≈≈ ≈≈≈
##≈≈#### ≈
#.#P≈.≈#
#.≈.#+#.≈.#.≈##
.≈≈≈.≈≈.Z$.≈≈P#
##+##+##@##≈≈≈#
#...# .P≈≈
#.∩.# ≈≈# #∩..#
#≈ #####


You could see a wyvern zombie.

Vanquished Creatures
  A wyvern zombie (Ossuary)
  A scorpion (D:5)
  2 bullfrog zombies (Ossuary)
  A crimson imp (D:5)
  A hound (D:4)
  A bullfrog skeleton (D:4)
  3 orc priests
  A centaur skeleton (D:5)
  2 jellies (D:5)
  3 orc wizards
  A mummy (Ossuary)
  A worker ant (D:4)
  A hound zombie (D:5)
  A hound skeleton (D:2)
  A howler monkey zombie (Ossuary)
  5 adders
  A shadow imp (D:5)
  An ooze (D:3)
  4 worms
  3 dart slugs
  3 leopard geckos
  21 orcs
  A ball python (D:4)
  10 giant cockroaches
  10 goblins
  11 hobgoblins
  2 jackals (D:4)
  9 kobolds
  A ball python skeleton (D:4)
  4 bats
  5 frilled lizards
  A leopard gecko skeleton (D:4)
  A quokka skeleton (D:3)
  9 rats
123 creatures vanquished.

Notes
Turn   | Place    | Note
-------+----------+-------------------------------------------
     0 | D:1      | Mrkan the Draconian Fighter began the quest for the Orb.
     0 | D:1      | Reached XP level 1. HP: 19/19 MP: 1/1
   211 | D:1      | Reached XP level 2. HP: 20/26 MP: 2/2
   581 | D:1      | Reached XP level 3. HP: 33/33 MP: 3/3
   910 | D:2      | Reached skill level 4 in Fighting
   949 | D:2      | Reached XP level 4. HP: 34/40 MP: 4/4
  1317 | D:3      | Found a stormy altar of Qazlal.
  1336 | D:3      | Reached XP level 5. HP: 37/47 MP: 5/5
  1379 | D:3      | Found an opulent altar of Gozag.
  1395 | D:3      | Became a worshipper of Gozag Ym Sagoz the Greedy
  1802 | D:3      | Found a blossoming altar of Fedhas.
  2221 | D:4      | Reached skill level 5 in Fighting
  2337 | D:4      | Reached XP level 6. HP: 41/56 MP: 6/6
  2844 | D:5      | Entered Level 5 of the Dungeon
  2861 | D:5      | Reached skill level 5 in Shields
  3027 | D:5      | Your scales start taking on a glossy black colour.
  3027 | D:5      | Reached XP level 7. HP: 34/62 MP: 7/7
  3027 | D:5      | Gained mutation: You are resistant to electric shocks.
                  | (rElec) [Black Draconian growth]
  3186 | D:5      | Reached skill level 6 in Fighting
  3215 | D:5      | Found a sand-covered staircase.
  3220 | Ossuary  | Entered an ossuary
  3239 | Ossuary  | Reached skill level 5 in Long Blades
  3309 | Ossuary  | Slain by a wyvern zombie

Levels and vault maps discovered:
D:1:      psy_arrival_heroes, layout_basic
D:2:      layout_basic, corexii_corridor_pit
D:3:      layout_basic, nicolae_overflow_crystal_walls,
          grunt_temple_overflow_open, kennysheep_generic_room_12
D:4:      layout_basic, first_ration
D:5:      layout_basic, enter_ossuary_2
Ossuary:  ossuary_zaba_flooded

Skill      XL: |  1  2  3  4  5  6  7 |
---------------+----------------------+-----
Fighting       | 4 5 6 |  6.3
Long Blades    | 3 4 5 |  5.3
Shields        | 4 5 |  5.8
Dodging        | |  2.6

Action                   |  1- 3 |  4- 6 |  7- 9 || total
-------------------------+-------+-------+-------++-------
Melee: Long sword        |   119 |   247 |    77 ||   443
       Tailslap          |     8 |    46 |    12 ||    66
  Use: Potion            |       |     5 |     1 ||     6
 Stab: Sleeping          |       |     1 |       ||     1
       Distracted        |       |     2 |     1 ||     3
  Eat: Chunk             |       |     3 |       ||     3
       Ration            |       |     1 |     1 ||     2
Armor: Skin              |    40 |    66 |    24 ||   130
Dodge: Dodged            |    52 |   126 |    26 ||   204
Block: Shield            |    53 |   116 |    39 ||   208
       Rpst.: Long sword |    16 |    31 |    10 ||    57
